 Dungeon Crawl Stone Soup version 0.30-a0-782-ge64f9170bb (webtiles) character file.

Game seed: 5710371327289008210

4085 HoaS the Skirmisher (level 9, -3/67 HPs)
             Began as a Demigod Hunter on Feb 19, 2023.
             Slain by an orc warrior
             ... wielding a +0 war axe
              (8 damage)
             ... in a bailey.
             The game lasted 00:14:21 (5842 turns).

HoaS the Skirmisher (Demigod Hunter)                Turns: 5842, Time: 00:14:22

Health: -3/67      AC: 11    Str: 12    XL:     9   Next: 77%
Magic:  11/11      EV: 13    Int: 11    God:
Gold:   373        SH:  0    Dex: 29    Spells: 8/8 levels left

rFire   . . .      SeeInvis .    q - +0 arbalest
rCold   . . .      Faith    .    (shield currently unavailable)
rNeg    . . .      Spirit   .    a - +0 steam dragon scales
rPois   .          Reflect  .    f - +1 helmet
rElec   .          Harm     .    g - +0 cloak
rCorr   .          Rampage  .    h - +2 pair of gloves
Will    .....                    (no boots)
Stlth   ++                       (no amulet)
HPRegen 0.31/turn                (no ring)
MPRegen 0.12/turn                (no ring)

@: no status effects
A: high MP 1, forlorn, divine attributes
a: no special abilities


You were in a bailey.
You visited 1 branch of the dungeon, and saw 8 of its levels.
You also visited: Bailey.

You collected 499 gold pieces.
You spent 126 gold pieces at shops.

Inventory:

Hand Weapons
 q - a +0 arbalest (weapon)
Armour
 a - +0 steam dragon scales (worn)
 f - a +1 helmet (worn)
 g - a +0 cloak (worn)
 h - a +2 pair of gloves (worn)
Wands
 i - a wand of digging (4)
 k - a wand of flame (56)
Scrolls
 b - 4 scrolls of immolation
 l - 2 scrolls of teleportation
Potions
 c - 3 potions of flight
 e - 2 potions of attraction
 j - a potion of haste
 m - a potion of invisibility {unknown}
 n - a potion of resistance
 o - 5 potions of curing


   Skills:
 - Level 1.7 Fighting
 + Level 13.7 Ranged Weapons
 - Level 1.7 Dodging
 - Level 0.8 Stealth


You had 8 spell levels left.
You didn't know any spells.
Your spell library contained the following spells:

 Spells                   Type           Power      Damage    Failure   Level
 Inner Flame              Hex/Fire       0%         N/A       71%         3
 Kindle Blastsparks       Fire/Tloc/Air  0%         2d10      71%         3
 Cause Fear               Hex            0%         N/A       98%         4
 Fulminant Prism          Conj/Hex       0%         3d5       98%         4
 Iskenderun's Mystic Bla  Conj/Tloc      0%         2d3       98%         4
 Lee's Rapid Deconstruct  Erth           0%         3d4*      100%        5
 Discord                  Hex            0%         N/A       100%        8


Dungeon Overview and Level Annotations

Branches:
Dungeon (8/15)             Temple (0/1) D:4          Bailey (1/1)
   Lair: D:8-11

Shops:
D:2 [


Innate Abilities, Weirdness & Mutations

You have an increased reservoir of magic. (+10% MP)
You shall have no god before yourself.
Your divine heritage dramatically boosts your attributes as you level up.


Message History

The orc closely misses you.
The orc warrior hits you with a +0 war axe.
You shoot a bolt. The bolt barely misses the orc warrior.
The orc barely misses you. The orc warrior closely misses you.
You shoot a bolt. The bolt barely misses the orc warrior.
The orc hits you with a +0 hand axe. The orc warrior misses you.
The orc barely misses you.
The orc warrior hits you with a +0 war axe.
You are too injured to fight recklessly!
You are too injured to fight recklessly!
Fire: q) +0 arbalest
Press: ? - help, Shift-Dir - straight line, p - orc warrior You can't see that place.
Unknown command.
Unknown command.
Unknown command.
Unknown command.
Unknown command.
You shoot a bolt. The bolt barely misses the orc warrior.
The orc hits you but does no damage. The orc warrior misses you.
You shoot a bolt. The bolt barely misses the orc warrior.
The orc closely misses you.
The orc warrior hits you with a +0 war axe.
You shoot a bolt. The bolt hits the orc warrior!
The orc warrior is severely wounded.
The orc hits you but does no damage.
The orc warrior hits you with a +0 war axe!
* * * LOW HITPOINT WARNING * * *
You shoot a bolt. The bolt hits the orc warrior.
The orc warrior is almost dead.
The orc hits you but does no damage.
The orc warrior hits you with a +0 war axe!
* * * LOW HITPOINT WARNING * * *
You shoot a bolt. The bolt barely misses the orc warrior.
The orc hits you but does no damage.
The orc warrior hits you with a +0 war axe.
* * * LOW HITPOINT WARNING * * *
The orc completely misses you.
The orc warrior hits you with a +0 war axe!
You die...

#..∩.....(####
#......).)....####
#~≈≈≈≈≈≈≈~.((.....###
≈≈≈≈≈≈≈≈≈≈≈≈≈≈.......##
≈≈≈#########≈≈≈≈~......##
≈≈∩#.K.Kooo#∩≈≈≈≈≈≈~....###
## #.......####.~≈)≈≈≈≈≈≈≈#
####)####o.#.....≈≈≈≈≈≈≈
...)).)@###......####
#'####o.'.#.....###
#..###.......##
#..#...)(.....#
##(#.........##
#####...........##
.....(.(......####
#.#############


You could see an orc warrior and an orc.

Vanquished Creatures
  An orc knight (Bailey)
  Maggie (D:7)
  Grinder (D:6)
  Sigmund (D:3)
  4 yaks (D:7)
  A water moccasin (D:6)
  6 orc warriors (Bailey)
  2 ice beasts
  2 black bears
  A centaur (D:5)
  2 kobold brigands (D:6)
  A phantom (D:5)
  2 scorpions (D:6)
  2 bullfrogs (D:7)
  A necrophage (D:4)
  3 killer bees (D:7)
  A howler monkey (D:7)
  A jelly (D:6)
  2 orc priests
  4 hounds
  Jessica (D:3)
  5 iguanas
  An orc wizard (D:5)
  10 adders
  2 gnolls
  2 shadow imps (D:6)
  2 white imps (D:5)
  2 worms (D:2)
  2 dart slugs
  16 orcs
  9 endoplasms
  2 giant cockroaches (D:1)
  11 goblins
  12 hobgoblins
  5 jackals
  4 quokkas
  9 ball pythons
  A bat (D:2)
  A frilled lizard (D:1)
  24 kobolds
  5 rats
165 creatures vanquished.

Vanquished Creatures (others)
  A plant (D:5)
1 creature vanquished.

Grand Total: 166 creatures vanquished

Notes
Turn   | Place    | Note
-------+----------+-------------------------------------------
     0 | D:1      | HoaS the Demigod Hunter began the quest for the Orb.
     0 | D:1      | Reached XP level 1. HP: 17/17 MP: 3/3
    48 | D:1      | Reached skill level 4 in Ranged Weapons
   107 | D:1      | Reached XP level 2. HP: 24/24 MP: 4/4
   624 | D:1      | Reached XP level 3. HP: 29/29 MP: 5/5
   979 | D:2      | Identified a scroll of acquirement
   979 | D:2      | Acquired a +2 shortbow of freezing
   999 | D:2      | Found Tasiqul's Armour Boutique.
  1014 | D:2      | Bought a +0 helmet for 63 gold pieces
  1031 | D:2      | Bought a +0 cloak for 63 gold pieces
  1224 | D:2      | Reached skill level 5 in Ranged Weapons
  1599 | D:3      | Noticed Sigmund
  1743 | D:3      | Reached XP level 4. HP: 36/36 MP: 6/6
  1743 | D:3      | Killed Sigmund
  1744 | D:3      | Reached skill level 6 in Ranged Weapons
  1744 | D:3      | Reached XP level 5. HP: 36/41 MP: 7/7
  1983 | D:3      | Noticed Jessica
  1985 | D:3      | Killed Jessica
  1986 | D:3      | Reached XP level 6. HP: 48/48 MP: 8/8
  2087 | D:4      | You fall into a shaft and drop 2 floors!
  2100 | D:6      | Reached skill level 7 in Ranged Weapons
  2200 | D:5      | Entered Level 5 of the Dungeon
  2222 | D:5      | Reached skill level 8 in Ranged Weapons
  2341 | D:4      | Reached XP level 7. HP: 53/53 MP: 9/9
  2371 | D:4      | Found a staircase to the Ecumenical Temple.
  2858 | D:5      | Reached skill level 9 in Ranged Weapons
  3419 | D:6      | Reached XP level 8. HP: 60/60 MP: 10/10
  3534 | D:6      | Noticed Grinder
  3654 | D:6      | Reached skill level 10 in Ranged Weapons
  4154 | D:6      | Killed Grinder
  4155 | D:6      | Reached skill level 11 in Ranged Weapons
  4444 | D:7      | Noticed Maggie
  4477 | D:7      | HP: 2/60 [Maggie/+2 heavy long sword (19)]
  4479 | D:7      | Killed Maggie
  4483 | D:7      | Reached skill level 12 in Ranged Weapons
  4483 | D:7      | Reached XP level 9. HP: 20/67 MP: 11/11
  5213 | D:8      | Found a flagged portal.
  5222 | Bailey   | Entered a bailey
  5518 | Bailey   | Reached skill level 13 in Ranged Weapons
  5687 | Bailey   | Noticed an orc knight
  5698 | Bailey   | Killed an orc knight
  5842 | Bailey   | Slain by an orc warrior

Illustrated notes

Levels and vault maps discovered:
D:1:      dpeg_arrival_water_fire, layout_basic
D:2:      layout_loops_ring, serial_shops, shop_coins
D:3:      layout_rooms, uniq_sigmund, uniq_jessica
D:4:      layout_rooms, temple_pool_b
D:5:      layout_rooms, serial_bayou_pond_b, hangedman_decor_opposing
D:6:      layout_loops_ring, uniq_grinder
D:7:      lemuel_ice_spiral_2, layout_basic, hangedman_abyss_or_decor_stagger,
          uniq_maggie
D:8:      layout_basic, enter_bailey_2, uniq_prince_ribbit1, uniq_grum
Bailey:   bailey_axe_4, bailey

Skill      XL: |  1  2  3  4  5  6  7  8  9 |
---------------+----------------------------+-----
Ranged Weapons | 4 5 6 8 9 12 13 | 13.7
Fighting       | |  1.7
Dodging        | |  1.7
Stealth        | |  0.8

Action                     |  1- 3 |  4- 6 |  7- 9 || total
---------------------------+-------+-------+-------++-------
   Fire: Shortbow          |   113 |    92 |    83 ||   288
         Arbalest          |       |       |   189 ||   189
    Use: Scroll            |     9 |       |     7 ||    16
         Potion            |       |       |     3 ||     3
 Armour: Leather armour    |     6 |     9 |    35 ||    50
         Steam dragon scal |       |       |    17 ||    17
  Dodge: Dodged            |    30 |    26 |    82 ||   138

Table legend: (Time is in decaauts)
 A = Elapsed time spent in this place.
 B = Non-inter-level travel time spent in this place.
 C = Inter-level travel time spent in this place.
 D = Time resting spent in this place.
 E = Time spent auto-exploring this place.
 F = Levels seen in this place.
 G = Mean time per level.
                   A        B        C        D        E       F      G
               +--------+--------+--------+--------+--------+-----+--------+
         Total |   5966 |   5742 |    224 |   1492 |   3214 |   9 |  662.9 |
       Dungeon |   5322 |   5098 |    224 |   1038 |   3190 |   8 |  665.2 |
        Bailey |    643 |    643 |      0 |    453 |     24 |   1 |  643.0 |
               +--------+--------+--------+--------+--------+-----+--------+

Top non-repeatable levels by time:
     D:1: 987 daAuts
     D:7: 985 daAuts
     D:6: 944 daAuts
     D:5: 801 daAuts
     D:2: 696 daAuts
  Bailey: 643 daAuts
     D:3: 453 daAuts
     D:4: 402 daAuts
     D:8: 51 daAuts
